Map: Para Site LE

Players

FireFoX

  • Race: Zerg Zerg
  • League: Master
  • Spawn Location: 11:00

Lambo - Winner!

  • Race: Zerg Zerg
  • League: Grandmaster
  • Spawn Location: 5:00

VOD

Have the link to the VOD?

Description

Time

  • Played on: Dec. 27, 2018, 1:16 p.m.
  • Length: 6:55
Show
View Real Time Build Order
Export as new Build Order

FireFoX Zerg 

Build Orders: Hatch First 

Get SALT Encoding   

  12  0:01  Drone  
  13  0:08  Drone  
  14  0:33  Hatchery  
  13  0:36  Drone  
  13  0:40  Extractor  
  13  0:42  Drone  
  14  0:59  Spawning Pool  
  14  1:03  Drone  
  14  1:13  Overlord  
  14  1:45  Metabolic Boost  
  14  1:46  Zergling x2  
  14  1:47  Zergling x4  
  17  1:48  Queen  
  17  1:53  Zergling x2  
  20  1:57  Zergling x2  
  21  2:02  Zergling x2  
  21  2:07  Zergling x2  
  23  2:17  Zergling x2  
  23  2:18  Zergling x2  
  25  2:24  Zergling x2  
  25  2:27  Overlord  
  27  2:37  Zergling x2  
  27  2:47  Zergling x4  
  29  2:53  Zergling x4  
  29  2:57  Zergling x6  
  34  3:06  Zergling x4  
  35  3:16  Zergling x2  
  35  3:18  Zergling x2  
  35  3:25  Zergling x4  
  35  3:30  Zergling x4  
  35  3:32  Zergling x2  
  33  3:35  Zergling x2  
  33  3:37  Zergling x2  
  29  3:52  Zergling x4  
  29  3:57  Zergling x4  
  27  4:12  Zergling x4  
  24  4:19  Zergling x2  
  24  4:21  Zergling x2  
  24  4:28  Zergling x2  
  24  4:30  Drone  
  26  4:36  Drone x3  
  29  4:42  Drone  
  29  4:43  Zergling x2  
  29  4:44  Zergling x4  
  32  4:47  Zergling x2  
  32  4:52  Zergling x2  
  31  4:55  Zergling x2  
  32  5:02  Spine Crawler  
  32  5:05  Baneling Nest  
  29  5:07  Zergling x2  
  29  5:20  Zergling x4  
  29  5:21  Zergling x2  
  31  5:23  Zergling x2  
  31  5:25  Zergling x2  
  31  5:34  Zergling x2  
  18  5:44  Zergling x2  
  18  5:45  Zergling x2  
  17  5:57  Baneling  
  17  5:58  Baneling  
  17  6:00  Baneling  
  17  6:15  Baneling  
  17  6:16  Baneling  
  17  6:24  Zergling x2  
Show
View Real Time Build Order
Export as new Build Order

Lambo Zerg - Winner!

Build Orders: Hatch First 

Get SALT Encoding   

  12  0:00  Drone  
  13  0:13  Overlord  
  13  0:17  Drone  
  14  0:32  Drone x2  
  16  0:47  Hatchery  
  15  0:51  Drone  
  15  0:54  Drone  
  17  0:57  Drone  
  18  1:08  Extractor  
  17  1:13  Spawning Pool  
  17  1:16  Drone  
  17  1:19  Drone  
  18  1:29  Drone  
  19  1:39  Drone  
  20  1:52  Overlord  
  20  1:59  Queen x2  
  20  2:01  Zergling x2  
  25  2:02  Zergling x2  
  26  2:08  Metabolic Boost  
  26  2:13  Drone x2  
  28  2:23  Zergling x4  
  30  2:31  Zergling x2  
  31  2:39  Queen, Baneling Nest  
  31  2:42  Drone  
  33  2:48  Overlord  
  33  2:50  Queen  
  35  2:57  Zergling x2  
  35  2:58  Zergling x2  
  36  3:07  Overlord  
  36  3:09  Zergling x4  
  38  3:13  Zergling x4  
  38  3:19  Zergling x2  
  39  3:24  Zergling x4  
  36  3:31  Zergling x2  
  36  3:33  Baneling  
  28  3:42  Baneling x2  
  26  3:53  Zergling x4  
  26  4:01  Drone  
  24  4:08  Zergling x2  
  25  4:10  Zergling x2  
  23  4:27  Drone  
  24  4:35  Drone  
  25  4:40  Zergling x6  
  26  4:55  Baneling x2  
  25  5:00  Zergling x2  
  26  5:12  Baneling  
  25  5:15  Zergling x8  
  28  5:22  Zergling x2  
  28  5:33  Drone  
  30  5:35  Zergling x2  
  30  5:45  Zergling x2  
  30  5:46  Baneling x2  
  28  5:56  Queen  
  29  6:01  Zergling x2  
  30  6:06  Baneling  
  30  6:08  Zergling x4  
  32  6:15  Zergling x4  
  33  6:32  Zergling x8  
Tags
 
Add a new tag
Caveats
  • Supply blocks, unpowered buildings, or Contaminate may cause inaccurate times.
  • Supply counts are checked every 10 seconds.